 Dungeon Crawl Stone Soup version 0.30-a0-23-ge60ba3568b (webtiles) character file.

Game seed: 12165581699763971479

5525 SensoryNuts the Cleaver (level 10, -5/90 HPs)
             Began as a Minotaur Fighter on Aug 24, 2022.
             Killed by divine providence
             ... invoked by a smoke demon
             ... summoned by a kobold demonologist
              (9 damage)
             ... on level 7 of the Dungeon.
             The game lasted 00:12:33 (9212 turns).

SensoryNuts the Cleaver (Minotaur Fighter)          Turns: 9212, Time: 00:12:34

Health: -5/90      AC: 20    Str: 17 (19) XL:     10   Next: 43%
Magic:  0/9        EV:  5    Int:  6 (8)  God:
Gold:   538        SH:  8    Dex: 28 (29) Spells: 9/9 levels left

rFire   . . .      SeeInvis .    k - +0 war axe (flame)
rCold   . . .      Faith    .    c - +0 buckler
rNeg    . . .      Spirit   +    y - +0 crystal plate armour
rPois   .          Reflect  .    (helmet restricted)
rElec   .          Harm     .    e - -1 cloak "Pett" {+Blink Regen+ Int+4 Dex+4}
rCorr   .          Rampage  .    (no gloves)
Will    .....                    (no boots)
Stlth   ..........               b - amulet of guardian spirit
HPRegen 1.05/turn                r - +6 ring of dexterity
MPRegen 0.11/turn                (no ring)

@: silenced, flying
A: horns 2, retaliatory headbutt, claws 1, agile 1
a: Evoke Blink


You were on level 7 of the Dungeon.
You visited 2 branches of the dungeon, and saw 11 of its levels.
You also visited: Sewer.

You collected 538 gold pieces.

Inventory:

Hand Weapons
 k - a +0 war axe of flaming (weapon)
Missiles
 p - 3 throwing nets (quivered)
Armour
 c - a +0 buckler (worn)
 e - the -1 cloak "Pett" (worn) {+Blink Regen+ Int+4 Dex+4}
   (You found it on level 5 of the Dungeon)

   Int:       It affects your intelligence (+4).
   Dex:       It affects your dexterity (+4).
   +Blink:    It lets you blink.
   Regen:     It increases your rate of health regeneration.
 y - a +0 crystal plate armour (worn)
Jewellery
 b - an amulet of guardian spirit (around neck)
 r - a +6 ring of dexterity (left claw)
 s - a +6 ring of intelligence
 v - a ring of protection from cold
 w - a ring of wizardry
Wands
 a - a wand of mindburst (10)
 q - a wand of charming (5)
Scrolls
 g - 4 scrolls of immolation
 h - a scroll of fear
 i - a scroll of noise
 j - a scroll of magic mapping
Potions
 d - a potion of brilliance
 f - 2 potions of lignification
 l - a potion of flight


   Skills:
 + Level 8.9 Fighting
 * Level 12.8 Axes
 + Level 9.4 Armour
 + Level 6.1 Dodging
 + Level 4.0 Stealth
 + Level 7.6 Shields


You had 9 spell levels left.
You didn't know any spells.
Your spell library contained the following spells:

 Spells                   Type           Power      Damage    Failure   Level
 Shock                    Conj/Air       0%         1d3       100%        1
 Dazzling Flash           Conj/Hex       0%         N/A       100%        3
 Ignite Poison            Fire/Tmut/Pois 0%         N/A       100%        3
 Mephitic Cloud           Conj/Pois/Air  0%         N/A       100%        3
 Swiftness                Air            0%         N/A       100%        3
 Airstrike                Air            0%         2d(0-16)  100%        4
 Iskenderun's Mystic Bla  Conj/Tloc      0%         2d3       100%        4
 Freezing Cloud           Conj/Ice/Air   0%         6-21      100%        5
 Starburst                Conj/Fire      0%         6d3       100%        6


Dungeon Overview and Level Annotations

Branches:
Dungeon (10/15)            Temple (1/1) D:5            Lair (0/5) D:8
    Orc (0/2) D:10          Sewer (visited)

Altars:
Ashenzari
Cheibriados
Dithmenos
Elyvilon
Fedhas
Gozag
Hepliaklqana
Kikubaaqudgha
Makhleb
Nemelex Xobeh
Okawaru
Qazlal
Ru
Sif Muna
Trog
Uskayaw
Vehumet
Wu Jian
Xom
Yredelemnul
The Shining One

Shops:
D:2 [   D:10 (

Annotations:
D:7 1 transporter
D:8 Maggie


Innate Abilities, Weirdness & Mutations

You have a pair of horns on your head.
You reflexively headbutt those who attack you in melee.
You have sharp fingernails.
You are agile. (Dex +4, Str/Int -1)


Message History

As you read the scroll of silence, it crumbles to dust.
A profound silence engulfs you.
You are covered in liquid flames!
* * * LOW HITPOINT WARNING * * *
The smoke demon gestures at you. Something smites you!
* * * LOW HITPOINT WARNING * * *
The barbs in your skin will harm you if you move.
Continue?
Okay, then.
You feel very buoyant.
You fly up into the air.
You are covered in liquid flames!
* * * LOW HITPOINT WARNING * * *
The orc priest casts a cantrip, but nothing happens.
The barbs in your skin will harm you if you move.
Continue? [Y]es or [N]o only, please.
The barbs in your skin will harm you if you move.
Continue?
Okay, then.
The barbs in your skin will harm you if you move.
Continue?
Okay, then.
The barbs in your skin will harm you if you move.
Continue? [Y]es or [N]o only, please.
The barbs in your skin will harm you if you move.
Continue? [Y]es or [N]o only, please.
The barbs in your skin will harm you if you move.
Continue? [Y]es or [N]o only, please.
The barbs in your skin will harm you if you move.
Continue? [Y]es or [N]o only, please.
The barbs in your skin will harm you if you move.
Continue?
Okay, then.
You swing at nothing.
The orc priest invokes the aid of Beogh against you.
Beogh smites you!
* * * LOW HITPOINT WARNING * * *
You swing at nothing.
You carefully extract the barbed spikes from your body.
You swing at nothing.
The smoke demon gestures at you. Something smites you!
You die...

########################
#............#
#####.##########.#
#................####
#.###...............#
#...........©.....#.#
#######..##.#.#########.#.#
........###.#.#8~.©.P8#.#.#
...####'###.#.#~@....P#.#.##
.........##.#.####3####.#..##
.........##.#.#o≈...≈o#.##..##
.)..........#.#5≈...≈K#.###..#
..........###.#o≈~~~≈o#.# ##.#
#######...# #.#.≈~♣~≈5#.# #.##
......#...#
#.#.≈~P~≈5#.####..###
#####.#...#
#.#.≈...≈.#.##......>
#....#####
#.#.≈...≈.#.##.#####.


You could see a kobold demonologist, a smoke demon (summoned, unsilenced), 4 orc
priests and 3 shadow imps.

Vanquished Creatures
  A two-headed ogre (D:8)
  A hornet (D:8)
  6 yaks (D:10)
  A steam dragon (D:9)
  An acid dragon (D:10)
  A water moccasin (D:8)
  2 ice beasts
  3 orc warriors
  3 sky beasts (D:7)
  An ogre (D:5)
  3 phantoms
  4 kobold brigands
  A gnoll sergeant (D:7)
  3 necrophages
  3 bullfrogs
  5 scorpions
  5 wights
  An electric eel (D:6)
  A jelly (D:7)
  Crazy Yiuf (D:5)
  2 orc priests (D:6)
  4 hounds
  3 iguanas
  Terence (D:3)
  6 orc wizards
  10 gnolls
  12 adders
  4 river rats (Sewer)
  6 worms
  4 dart slugs
  26 orcs
  12 ball pythons
  10 endoplasms
  11 giant cockroaches
  5 hobgoblins
  4 jackals (D:3)
  6 quokkas
  10 bats
  7 frilled lizards
  6 goblins
  16 kobolds
  34 rats
246 creatures vanquished.

Vanquished Creatures (others)
  2 plants (D:7)
2 creatures vanquished.

Grand Total: 248 creatures vanquished

Notes
Turn   | Place    | Note
-------+----------+-------------------------------------------
     0 | D:1      | SensoryNuts the Minotaur Fighter began the quest for the
                  | Orb.
     0 | D:1      | Reached XP level 1. HP: 19/19 MP: 0/0
   266 | D:1      | Reached XP level 2. HP: 4/27 MP: 1/1
   523 | D:1      | Found a faded altar of an unknown god.
   979 | D:1      | Reached XP level 3. HP: 31/33 MP: 2/2
  1671 | D:2      | Reached skill level 3 in Axes
  1765 | D:2      | Found Moyfuc's Armour Shop.
  2392 | D:3      | Reached XP level 4. HP: 40/41 MP: 3/3
  2420 | D:3      | Reached skill level 1 in Dodging
  2451 | D:3      | Found a glowing drain.
  2460 | Sewer    | Entered a sewer
  2684 | Sewer    | Reached XP level 5. HP: 27/47 MP: 4/4
  2899 | Sewer    | Reached skill level 4 in Axes
  2910 | Sewer    | Reached skill level 5 in Armour
  2910 | Sewer    | Reached XP level 6. HP: 26/53 MP: 5/5
  2911 | Sewer    | Reached skill level 5 in Axes
  3095 | Sewer    | Reached skill level 9 in Axes
  3095 | Sewer    | Reached skill level 5 in Dodging
  3095 | Sewer    | Reached XP level 7. HP: 66/66 MP: 6/6
  3613 | D:3      | Found an opulent altar of Gozag.
  3618 | D:3      | Noticed Terence
  3623 | D:3      | Killed Terence
  3929 | D:3      | Found an iron altar of Okawaru.
  4000 | D:3      | Found a shimmering blue altar of Sif Muna.
  4562 | D:4      | Found a radiant altar of Vehumet.
  4568 | D:4      | Found an ornate altar of the Wu Jian Council.
  4568 | D:4      | Found an ancient bone altar of Kikubaaqudgha.
  4573 | D:4      | Found a basalt altar of Yredelemnul.
  4750 | D:4      | Reached XP level 8. HP: 64/74 MP: 7/7
  5409 | D:5      | Entered Level 5 of the Dungeon
  5524 | D:5      | Found a runed translucent door.
  5525 | D:5      | Noticed Crazy Yiuf
  5709 | D:5      | Identified the -1 cloak "Pett" {+Blink Regen+ Int+4 Dex+4}
  5905 | D:5      | Found a blossoming altar of Fedhas.
  5905 | D:5      | Found a broken altar of Ashenzari.
  5915 | D:5      | Found a burning altar of Makhleb.
  5917 | D:5      | Found a shimmering altar of Xom.
  5919 | D:5      | Found a stormy altar of Qazlal.
  6073 | D:5      | Found a staircase to the Ecumenical Temple.
  6220 | Temple   | Entered the Ecumenical Temple
  6399 | D:5      | Killed Crazy Yiuf
  6617 | D:6      | Reached skill level 10 in Axes
  7049 | D:6      | Reached XP level 9. HP: 75/81 MP: 8/8
  7459 | D:6      | Gained mutation: You are occasionally teleported next to
                  | monsters. [potion of mutation]
  7682 | D:7      | Reached skill level 11 in Axes
  7884 | D:7      | You fall into a shaft and drop 3 floors!
  7884 | D:10     | Entered Level 10 of the Dungeon
  7895 | D:10     | Found Qadghuog's Weapon Emporium.
  7897 | D:10     | Found a staircase to the Orcish Mines.
  8058 | D:10     | Reached skill level 12 in Axes
  8165 | D:9      | Noticed an eight-headed hydra
  8176 | D:10     | Reached XP level 10. HP: 74/90 MP: 7/9
  8242 | D:8      | Found a staircase to the Lair.
  8248 | D:8      | Paralysed by a hornet for 3 turns
  8260 | D:8      | Noticed a two-headed ogre
  8278 | D:8      | Killed a two-headed ogre
  8337 | D:8      | Noticed Maggie
  8343 | D:7      | Found a transporter.
  8373 | D:7      | Found a transporter.
  8698 | D:7      | Found a bloodstained altar of Trog.
  9053 | D:7      | Lost mutation: You are occasionally teleported next to
                  | monsters. [potion of mutation]
  9053 | D:7      | Gained mutation: You have sharp fingernails. [potion of
                  | mutation]
  9053 | D:7      | Gained mutation: You are agile. (Dex +4, Str/Int -1)
                  | [potion of mutation]
  9194 | D:7      | Noticed a sixfirhy
  9205 | D:7      | Noticed a smoke demon
  9210 | D:7      | HP: 2/90 [orc priest/divine providence (13)]
  9212 | D:7      | Killed from afar by a smoke demon

Illustrated notes

Levels and vault maps discovered:
D:1:      mrwooster_arrival_statue, layout_basic,
          shapermc_ecumenical_altar_notcrosses, minivault_23
D:2:      layout_loops_ring, serial_shops, nicolae_diamond_shop
D:3:      minmay_roachtagon, layout_basic, nicolae_overflow_crystal_walls,
          amcnicky_altar_gilded, okawaru_gym_becter, gup_sewer_entry_bubbles,
          uniq_terence
D:4:      layout_basic, minitemple
D:5:      layout_loops_cross, chequers_temple_overflow_minitemple,
          minmay_temple_entry_arrows, hangedman_decor_lopped,
          hangedman_abyss_or_decor_lesser_grid, dk_noncrumbling_2,
          uniq_crazy_yiuf_cottage
D:6:      layout_basic, lightli_minifort
D:7:      gammafunk_wand_slinger, layout_basic, bloody_trog, enter_bailey_2
D:8:      minmay_tri_box, layout_rooms, mainiacjoe_overflow_surrounded_room,
          lair_entry_dummy, dreamdust_wishing_well, minmay_misc_feat_cross,
          uniq_grum, uniq_maggie, uniq_prince_ribbit1
D:9:      layout_grid_maze, nicolae_eternal_life, st_stairs_5, uniq_harold,
          uniq_joseph
D:10:     layout_basic, orc_david_3, minmay_misc_feat_rugged,
          nrook_pool_corridor
Temple:   nicolae_temple_ecumenical_triangle

Skill      XL: |  1  2  3  4  5  6  7  8  9 |
---------------+----------------------------+-----
Armour         | 4 5 7 8 9 |  9.4
Shields        | 4 7 |  7.6
Fighting       | 4 7 8 |  8.9
Axes           | 3 4 9 10 12 | 12.8
Dodging        | 1 2 5 6 |  6.1
Stealth        | 4 |  4.0

Action                   |  1- 3 |  4- 6 |  7- 9 | 10-12 || total
-------------------------+-------+-------+-------+-------++-------
Melee: War axe           |    93 |    89 |   300 |    67 ||   549
       Headbutt          |    12 |     9 |    76 |    19 ||   116
  Use: Potion            |     1 |     5 |     6 |     8 ||    20
       Scroll            |       |     7 |     5 |     5 ||    17
Armor: Scale mail        |    47 |    77 |    24 |       ||   148
       Plate armour      |       |       |    75 |       ||    75
       Crystal plate arm |       |       |    17 |    46 ||    63
Dodge: Dodged            |    45 |    95 |   112 |    10 ||   262
Block: Buckler           |    27 |    46 |    76 |    23 ||   172

Table legend: (Time is in decaauts)
 A = Elapsed time spent in this place.
 B = Non-inter-level travel time spent in this place.
 C = Inter-level travel time spent in this place.
 D = Time resting spent in this place.
 E = Time spent auto-exploring this place.
 F = Levels seen in this place.
 G = Mean time per level.
                   A        B        C        D        E       F      G
               +--------+--------+--------+--------+--------+-----+--------+
         Total |   9333 |   8811 |    522 |    218 |   6921 |  12 |  777.8 |
       Dungeon |   8589 |   8067 |    522 |    218 |   6370 |  10 |  858.9 |
        Temple |     44 |     44 |      0 |      0 |     19 |   1 |   44.0 |
         Sewer |    698 |    698 |      0 |      0 |    532 |   1 |  698.0 |
               +--------+--------+--------+--------+--------+-----+--------+

Top non-repeatable levels by time:
     D:1: 1419 daAuts
     D:3: 1402 daAuts
     D:7: 1283 daAuts
     D:5: 1024 daAuts
     D:4: 1016 daAuts
     D:2: 998 daAuts
     D:6: 987 daAuts
   Sewer: 698 daAuts
    D:10: 300 daAuts
     D:8: 105 daAuts
     D:9: 52 daAuts
  Temple: 44 daAuts
